 Dungeon Crawl Stone Soup version 0.29.1-4-g47bece8355 (webtiles) character file.

Game seed: 18377129313855749041

13232 DildoBatman the Geomancer (level 12, -9/91 HPs)
             Began as a Formicid Conjurer on Dec 9, 2022.
             Was an Elder of Kikubaaqudgha.
             Mangled by a seven-headed hydra (11 damage)
             ... on level 11 of the Dungeon.
             The game lasted 00:36:16 (9948 turns).

DildoBatman the Geomancer (Formicid Conjurer)       Turns: 9948, Time: 00:36:16

Health: -9/91      AC: 13    Str: 11    XL:     12   Next: 30%
Magic:  9/24       EV: 13    Int: 30    God:    Kikubaaqudgha [****..]
Gold:   525        SH:  0    Dex: 12    Spells: 9/27 levels left

rFire   + . .      SeeInvis +   a - +4 flail
rCold   . . .      Faith    .   (no shield)
rNeg    + . .      Spirit   .   O - +2 leather armour "Noce" {rF+}
rPois   .          Reflect  .   (helmet unavailable)
rElec   .          Harm     .   N - +1 cloak {rCorr}
rCorr   +          Rampage  .   I - +0 pair of gloves
Will    +....                   t - +3 pair of boots "Kuwnew" {Slay+3}
Stlth   ++........              r - amulet of regeneration
HPRegen 1.05/turn               u - +6 ring of intelligence
MPRegen 0.19/turn               Q - ring of positive energy

@: studying 2 skills
A: permanent stasis, dig shafts and tunnels, antennae 3, four strong arms
a: Dig, Shaft Self, Renounce Religion, Unearth Wretches


You were on level 11 of the Dungeon.
You worshipped Kikubaaqudgha.
Kikubaaqudgha was greatly pleased with you.
You visited 2 branches of the dungeon, and saw 12 of its levels.

You collected 621 gold pieces.
You spent 96 gold pieces at shops.

Inventory:

Hand Weapons
 a - a +4 flail (weapon)
 b - a +0 shortbow
Missiles
 o - 3 curare-tipped darts
 L - 26 poisoned darts
 X - 2 throwing nets
Armour
 t - the +3 pair of boots "Kuwnew" (worn) {Slay+3}
   (You found it on level 2 of the Dungeon)

   Slay:      It affects your accuracy & damage with ranged weapons and melee
   (+3).
 z - +0 steam dragon scales
 I - a +0 pair of gloves (worn)
 N - a +1 cloak of preservation (worn)
 O - the +2 leather armour "Noce" (worn) {rF+}
   (You found it on level 6 of the Dungeon)

   rF:        It protects you from fire.
Magical Staves
 A - a staff of earth
Jewellery
 r - an amulet of regeneration (around neck)
 u - a +6 ring of intelligence (left hand)
 w - a ring of positive energy
 x - a ring of ice
 P - a +4 ring of protection
 Q - a ring of positive energy (right hand)
 R - the amulet of the Fool {Faith -Tele rF+++ Will+++ Int-2}
   (You found it on level 10 of the Dungeon)

   [amulet of faith]

   It allows you to gain divine favour quickly.
   Int:       It affects your intelligence (-2).
   rF:        It renders you almost immune to fire.
   -Tele:     It prevents most forms of teleportation.
   Will:      It greatly increases your willpower.
 Y - a ring of ice
 Z - a ring of flight
Wands
 j - a wand of mindburst (8)
 y - a wand of paralysis (6)
 D - a wand of digging (6)
 H - a wand of light (20)
 J - a wand of roots (19)
 W - a wand of flame (11)
Scrolls
 e - 2 scrolls of butterflies {unknown}
 f - 4 scrolls of enchant weapon {unknown}
 g - a scroll of acquirement {unknown}
 i - 2 scrolls of magic mapping {unknown}
 k - 3 scrolls of brand weapon
 l - 2 scrolls of immolation {unknown}
 m - 3 scrolls of teleportation {unknown}
 q - a scroll of noise {unknown}
 s - a scroll of blinking {unknown}
 v - 2 scrolls of identify
 C - 2 scrolls of enchant armour {unknown}
 E - 2 scrolls of amnesia {unknown}
 M - a scroll of vulnerability {unknown}
 T - a scroll of fear {unknown}
 U - a scroll of silence {unknown}
Potions
 c - 7 potions of brilliance
 d - 2 potions of ambrosia
 h - 2 potions of cancellation
 n - 4 potions of curing
 p - 2 potions of magic
 B - 3 potions of heal wounds
 F - a potion of might
 G - 3 potions of haste {unknown}
 S - a potion of lignification {unknown}
 V - a potion of experience {unknown}
Miscellaneous
 K - a box of beasts


   Skills:
 * Level 7.0 Fighting
 * Level 7.0 Armour
 * Level 5.1 Dodging
 - Level 2.4 Stealth
 * Level 8.4 Spellcasting
 - Level 6.0 Conjurations
 - Level 9.0 Necromancy
 * Level 10.5 Earth Magic


You had 9 spell levels left.
You knew the following spells:

 Your Spells              Type           Power      Damage    Failure   Level
a - Searing Ray           Conj           96%        2d7       1%          2
b - Conjure Flame         Conj/Fire      30%        6-21      4%          3
c - Magic Dart            Conj           100%       1d8       1%          1
d - Vampiric Draining     Necr           61%        2d10      1%          3
e - Stone Arrow           Conj/Erth      100%       3d13      1%          3
h - Dispel Undead         Necr           61%        3d21      1%          4
z - Sublimation of Blood  Necr           61%        N/A       1%          2

Your spell library contained the following spells:

 Spells                   Type           Power      Damage    Failure   Level
 Necrotise                Necr           100%       1d9       1%          1
 Sandblast                Erth           100%       2d20      1%          1
 Passwall                 Tmut/Erth      36%        N/A       1%          2
 Agony                    Necr           61%        N/A       3%          5
 Dazzling Flash           Conj/Hex       60%        N/A       4%          3
 Apportation              Tloc           24%        N/A       5%          1
 Beastly Appendage        Tmut           24%        N/A       5%          1
 Summon Small Mammal      Summ           48%        N/A       5%          1
 Wereblood                Tmut           12%        N/A       8%          2
 Anguish                  Hex/Necr       19%        N/A       9%          4
 Iskenderun's Battlesphe  Conj           48%        2d10      12%         5
 Gell's Gravitas          Tloc           12%        N/A       16%         3
 Ignite Poison            Fire/Tmut/Pois 12%        N/A       16%         3
 Ozocubu's Armour         Ice            12%        N/A       16%         3
 Spider Form              Tmut/Pois      12%        N/A       16%         3
 Teleport Other           Tloc           12%        N/A       16%         3
 Tukima's Dance           Hex            12%        N/A       16%         3
 Corpse Rot               Necr/Pois/Air  30%        N/A       16%         4
 Fulminant Prism          Conj/Hex       15%        3d11      16%         4
 Iskenderun's Mystic Bla  Conj/Tloc      30%        2d8       16%         4
 Sticky Flame             Conj/Fire      30%        2d5       16%         4
 Death Channel            Necr           30%        N/A       21%         6
 Fireball                 Conj/Fire      15%        3d8       38%         5
 Passage of Golubria      Tloc           12%        N/A       45%         4
 Simulacrum               Ice/Necr       19%        N/A       77%         6
 Yara's Violent Unravell  Hex/Tmut       6%         3d5       82%         5
 Dispersal                Tloc           6%         N/A       100%        6
 Ozocubu's Refrigeration  Ice            6%         4d8       100%        7
 Swiftness                Air            Unusable   N/A       N/A         3

Dungeon Overview and Level Annotations

Branches:
Dungeon (11/15)            Temple (1/1) D:5            Lair (0/5) D:9
    Orc (0/2) D:11

Altars:
Ashenzari
Cheibriados
Dithmenos
Elyvilon
Fedhas
Gozag
Hepliaklqana
Kikubaaqudgha
Makhleb
Nemelex Xobeh
Okawaru
Qazlal
Ru
Sif Muna
Trog
Uskayaw
Vehumet
Wu Jian
Xom
Yredelemnul
Zin
The Shining One

Shops:
D:2 [   D:8 *


Innate Abilities, Weirdness & Mutations

You cannot be hasted, slowed, berserked, paralysed or teleported.
You can dig through walls and to a lower floor.
You have a pair of large antennae on your head. (SInv)
Your four strong arms can wield two-handed weapons with a shield.


Message History

Kikubaaqudgha accepts your kill.
You sock the orc!
You kill the orc!
Kikubaaqudgha accepts your kill. The orc misses you.
You sock the orc!
You kill the orc!
Kikubaaqudgha accepts your kill.
You hear a roar!
A seven-headed hydra comes into view.
You hear a roar!
You sock the seven-headed hydra!
The seven-headed hydra is lightly wounded.
The seven-headed hydra bites you but does no damage.
The seven-headed hydra bites you.
The seven-headed hydra closely misses you.
The seven-headed hydra bites you but does no damage. x4
The seven-headed hydra bites you.
The seven-headed hydra barely misses you.
The seven-headed hydra bites you.
The seven-headed hydra barely misses you.
The seven-headed hydra bites you! The seven-headed hydra misses you.
The seven-headed hydra bites you but does no damage.
Aiming: Paralyse
Press: ? - help, Shift-Dir - straight line, f - seven-headed hydra
Aim: a seven-headed hydra (lightly wounded, chance to affect: 17%)
The seven-headed hydra resists with almost no effort.
The seven-headed hydra bites you but does no damage.
The seven-headed hydra bites you. The seven-headed hydra misses you.
The seven-headed hydra bites you! x2
The seven-headed hydra closely misses you.
The seven-headed hydra bites you.
Are you sure you want to shaft yourself?
The seven-headed hydra barely misses you.
The seven-headed hydra completely misses you.
The seven-headed hydra bites you! x3
You die...
Kikubaaqudgha rasps: "You have failed me!
Welcome... death!" .. oo.

#D##.# ### ##.####.##.# ..#
#.... {....o ###.# #.o.#
#{##.## .##.# #...# #.##..
.##.# #...# #o##.# # .##<#
#...###o##.##.# ###.#
#...#@#.......#
....########...##D###.##..#
#####.............)...# #
......................#
...##.................#
...##.######...########
....# #...# ...... #...#
#####. #...#


You could see a seven-headed hydra.

Vanquished Creatures
  3 two-headed ogres
  Nergalle (D:11)
  A deep elf pyromancer (D:7)
  A manticore (D:6)
  A cyclops (D:11)
  Maurice (D:9)
  4 kobold demonologists
  2 trolls
  A shadow (D:10)
  A vampire (D:7)
  9 yaks
  3 steam dragons
  3 vampire mosquitoes (D:10)
  A basilisk (D:10)
  3 wargs (D:9)
  A water moccasin (D:8)
  An ice beast (D:8)
  A hornet zombie (D:7)
  2 sky beasts
  A black bear (D:4)
  3 orc warriors
  2 ogres (D:5)
  6 centaurs
  A phantom (D:4)
  6 kobold brigands
  2 bullfrogs
  3 gnoll sergeants
  2 wyvern zombies (D:7)
  A scorpion (D:5)
  8 wights (D:9)
  15 killer bees
  2 howler monkeys (D:10)
  A centaur zombie (D:7)
  2 hounds
  8 orc priests
  2 gnoll boudas
  A jelly (D:6)
  Jessica (D:2)
  4 iguanas
  Terence (D:2)
  16 orc wizards
  Natasha (thrice) (D:3)
  2 killer bee zombies (D:7)
  2 howler monkey zombies (D:7)
  6 adders
  26 gnolls
  2 shadow imps (D:7)
  2 ufetubi
  2 worms (D:3)
  2 dart slugs (D:5)
  37 orcs
  5 bats
  7 endoplasms
  3 giant cockroaches
  12 goblins
  8 hobgoblins
  7 jackals
  39 kobolds
  7 quokkas
  12 ball pythons
  3 frilled lizards
  5 rats
320 creatures vanquished.

Vanquished Creatures (others)
  2 orc wizards (D:8)
  7 plants (D:10)
9 creatures vanquished.

Grand Total: 329 creatures vanquished

Notes
Turn   | Place    | Note
-------+----------+-------------------------------------------
     0 | D:1      | DildoBatman the Formicid Conjurer began the quest for the
                  | Orb.
     0 | D:1      | Reached XP level 1. HP: 13/13 MP: 3/3
   305 | D:1      | Reached XP level 2. HP: 20/20 MP: 1/5
   308 | D:1      | Learned a level 2 spell: Searing Ray
   502 | D:1      | Found a faded altar of an unknown god.
   678 | D:1      | Reached skill level 1 in Fighting
   678 | D:1      | Reached skill level 1 in Armour
   678 | D:1      | Reached XP level 3. HP: 26/26 MP: 1/6
  1104 | D:2      | Noticed Terence
  1118 | D:2      | Identified the +3 pair of boots "Kuwnew" {Slay+3}
  1442 | D:2      | Found Jumm's Armour Shoppe.
  1706 | D:3      | Reached XP level 4. HP: 26/32 MP: 1/8
  1874 | D:3      | Noticed Jessica
  2061 | D:3      | Got the Papyrus of the Welkin and Outbursts
  2212 | D:3      | Reached XP level 5. HP: 38/38 MP: 9/9
  2287 | D:4      | Noticed Natasha
  2652 | D:4      | Noticed a black bear
  2662 | D:4      | Killed a black bear
  2663 | D:4      | Reached XP level 6. HP: 36/46 MP: 2/11
  2803 | D:4      | Reached XP level 7. HP: 52/52 MP: 10/13
  2803 | D:4      | Found a sacrificial altar of Ru.
  3214 | D:5      | Entered Level 5 of the Dungeon
  3231 | D:5      | Reached skill level 5 in Conjurations
  3458 | D:5      | Reached skill level 5 in Spellcasting
  3467 | D:5      | Found a staircase to the Ecumenical Temple.
  3483 | Temple   | Entered the Ecumenical Temple
  3527 | Temple   | Became a worshipper of Kikubaaqudgha
  3548 | D:5      | Reached XP level 8. HP: 28/58 MP: 12/16
  3980 | D:3      | Killed Natasha
  4006 | D:3      | Noticed Natasha
  4013 | D:3      | Killed Natasha
  4018 | D:3      | Noticed Natasha
  4025 | D:3      | Killed Natasha
  4066 | D:2      | Killed Jessica
  4107 | D:2      | Killed Terence
  4133 | D:2      | You fall into a shaft and drop 1 floor!
  4235 | D:6      | Identified the +2 leather armour "Noce" {rF+}
  4525 | D:6      | Reached XP level 9. HP: 65/65 MP: 14/19
  4526 | D:6      | Reached * piety under Kikubaaqudgha
  4526 | D:6      | Received a gift from Kikubaaqudgha
  4533 | D:6      | Reached skill level 5 in Fighting
  4533 | D:6      | Reached skill level 5 in Armour
  4533 | D:6      | Reached skill level 1 in Earth Magic
  4621 | D:6      | Found an iron altar of Okawaru.
  4622 | D:6      | Found a shimmering blue altar of Sif Muna.
  4666 | D:6      | Noticed a manticore
  5134 | D:7      | Found a transporter.
  5145 | D:7      | Noticed a kobold demonologist
  5301 | D:7      | Found a basalt altar of Yredelemnul.
  5363 | D:7      | Reached skill level 5 in Necromancy
  5478 | D:7      | Noticed a deep elf pyromancer
  5489 | D:7      | Killed a deep elf pyromancer
  5489 | D:7      | Reached ** piety under Kikubaaqudgha
  5490 | D:7      | Reached XP level 10. HP: 72/74 MP: 12/20
  5510 | D:7      | Learned a level 2 spell: Sublimation of Blood
  5514 | D:7      | Learned a level 3 spell: Vampiric Draining
  5587 | D:7      | Found a transporter.
  5886 | D:7      | Learned a level 3 spell: Stone Arrow
  5892 | D:8      | Reached skill level 2 in Earth Magic
  5961 | D:8      | Reached skill level 3 in Earth Magic
  5966 | D:8      | Found Ydameutz's Assorted Antiques.
  5975 | D:8      | Bought a viscous golden potion for 18 gold pieces
  5975 | D:8      | Bought a scroll labelled POILOD GOACE for 21 gold pieces
  5975 | D:8      | Bought a bubbling cyan potion for 18 gold pieces
  5975 | D:8      | Bought a fizzy orange potion for 18 gold pieces
  5975 | D:8      | Bought a scroll labelled CETIOD YFFILU for 21 gold pieces
  6218 | D:8      | Found a sparkling altar of Nemelex Xobeh.
  6219 | D:8      | Found a hide-covered altar of Uskayaw.
  6219 | D:8      | Found a bloodstained altar of Trog.
  6220 | D:8      | Found a hazy altar of Hepliaklqana.
  6222 | D:8      | Found a burning altar of Makhleb.
  6301 | D:8      | Reached skill level 4 in Earth Magic
  6355 | D:8      | Reached skill level 5 in Earth Magic
  6359 | D:8      | Reached skill level 6 in Earth Magic
  6739 | D:8      | Learned a level 3 spell: Conjure Flame
  6752 | D:9      | Noticed a two-headed ogre
  6807 | D:9      | Identified the +1 chain mail of Terror {Stlth+}
  6855 | D:9      | Reached skill level 7 in Earth Magic
  6932 | D:9      | Reached *** piety under Kikubaaqudgha
  6932 | D:9      | Received a gift from Kikubaaqudgha
  6939 | D:9      | Learned a level 4 spell: Dispel Undead
  7272 | D:6      | Killed a manticore
  7273 | D:6      | Reached skill level 8 in Earth Magic
  7273 | D:6      | Reached XP level 11. HP: 79/79 MP: 5/21
  7385 | D:9      | Killed a two-headed ogre
  7447 | D:9      | Reached skill level 9 in Earth Magic
  7527 | D:9      | Noticed Maurice
  7542 | D:9      | Killed Maurice
  7718 | D:9      | Found a staircase to the Lair.
  7731 | D:9      | Reached **** piety under Kikubaaqudgha
  7826 | D:9      | Found a broken altar of Ashenzari.
  8575 | D:10     | Entered Level 10 of the Dungeon
  8944 | D:10     | Reached skill level 10 in Earth Magic
  9066 | D:10     | Reached XP level 12. HP: 69/88 MP: 16/24
  9194 | D:10     | Noticed a two-headed ogre
  9208 | D:10     | Killed a two-headed ogre
  9469 | D:10     | Identified the amulet of the Fool {Faith -Tele rF+++
                  | Will+++ Int-2}
  9688 | D:11     | Found a staircase to the Orcish Mines.
  9833 | D:11     | Noticed a two-headed ogre
  9858 | D:11     | Killed a two-headed ogre
  9859 | D:11     | Reached skill level 5 in Dodging
  9918 | D:11     | Noticed Nergalle
  9941 | D:11     | Killed Nergalle
  9945 | D:11     | Noticed a seven-headed hydra
  9948 | D:11     | HP: 2/91 [seven-headed hydra (11)]
  9948 | D:11     | Mangled by a seven-headed hydra

Illustrated notes

Levels and vault maps discovered:
D:1:      dpeg_arrival_three_smaller_balls, layout_loops_ring,
          ebering_ecumenical_altar_mist, st_stairs_4
D:2:      layout_loops_ring, serial_shops, shop, uniq_terence
D:3:      minmay_bubble_buster, layout_basic, st_stairs_13, uniq_jessica
D:4:      layout_loops_ring, nicolae_ru_sacrificial_ziggurat, uniq_natasha
D:5:      minmay_inner_zag, layout_basic, minmay_temple_entry_junction_2,
          st_stairs_2
D:6:      layout_basic, nicolae_overflow_squiral, minmay_manual_mares
D:7:      gammafunk_wand_slinger, layout_basic,
          nicolae_yredelemnul_corpse_copse, minmay_manual_monstrance
D:8:      layout_loops_ring, minitemple, serial_shops, shop
D:9:      layout_roguey, lemuel_crystal_altar, erik_lair_orcish_takeover,
          nicolae_eternal_life, uniq_maurice
D:10:     minmay_weird_star, layout_irregular_city
D:11:     layout_loops_cross, david_orc_2, kennysheep_slug_shrine, uniq_nergalle
Temple:   nicolae_temple_ecumenical_triangle

Skill      XL: |  1  2  3  4  5  6  7  8  9 10 11 12 |
---------------+-------------------------------------+-----
Dodging        | 2 3 4 5 |  5.1
Fighting       | 1 2 3 4 5 6 7 |  7.0
Armour         | 1 2 3 4 5 6 7 |  7.0
Conjurations   | 4 5 6 |  6.0
Spellcasting   | 3 4 5 7 8 |  8.4
Earth Magic    | 1 8 10 | 10.5
Necromancy     | 7 8 9 |  9.0
Stealth        | |  2.4

Action                   |  1- 3 |  4- 6 |  7- 9 | 10-12 || total
-------------------------+-------+-------+-------+-------++-------
Melee: Whip              |    11 |       |       |       ||    11
       Short sword       |    12 |    67 |       |       ||    79
       Mace              |       |    57 |    99 |       ||   156
       Punch             |       |     1 |     2 |     2 ||     5
       Rapier            |       |       |    44 |       ||    44
       Flail             |       |       |    43 |   355 ||   398
 Fire: Shortbow          |       |       |       |     4 ||     4
 Cast: Magic Dart        |    58 |     8 |       |       ||    66
       Searing Ray       |     3 |     7 |    29 |    24 ||    63
       Conjure Flame     |       |       |       |    14 ||    14
       Stone Arrow       |       |       |       |    34 ||    34
       Dispel Undead     |       |       |       |    10 ||    10
       Vampiric Draining |       |       |       |     7 ||     7
       Sublimation of Bl |       |       |       |     6 ||     6
 Abil: Dig               |       |     3 |     2 |     9 ||    14
       Shaft Self        |       |       |     1 |     1 ||     2
Evoke: Wand              |       |       |       |     1 ||     1
  Use: Scroll            |       |       |       |     6 ||     6
 Stab: Sleeping          |       |     1 |     7 |       ||     8
Armor: Robe              |     8 |    77 |    57 |       ||   142
       Leather armour    |       |       |    78 |   340 ||   418
Dodge: Dodged            |    24 |   108 |   204 |   425 ||   761
